 Dungeon Crawl Stone Soup version 0.31-a0-331-geda263fcf1 (webtiles) character file.

Game seed: 6984347933119557201

98 LeprechaunX the Changeling (level 4, -2/30 HPs)
             Began as an Octopode Shapeshifter on July 20, 2023.
             Slain by an orc wizard
             ... wielding a +0 dagger
              (4 damage)
             ... on level 3 of the Dungeon.
             The game lasted 00:01:39 (1527 turns).

LeprechaunX the Changeling (Octopode Shapeshifter)  Turns: 1527, Time: 00:01:40

Health: -2/30      AC:  5    Str: 16    XL:     4   Next: 71%
Magic:  4/4        EV: 13    Int: 10    God:
Gold:   127        SH:  0    Dex: 12    Spells: 3/3 levels left

rFire   . .          .
                       - Unarmed
rCold   . . .        (no shield)
rNeg    . . .        (helmet currently unavailable)
rPois   .            (no amulet)
rElec   .            i - +4 ring of protection
rCorr   .            (no ring)
SInv    .            (no ring)
Will    .....        (no ring)
Stlth   ++           (no ring)
HPRegen 0.25/turn    (no ring)
MPRegen 0.09/turn    (no ring)
                     (no ring)

%: no passive effects
@: beast-form
A: beast (slay +2), almost no armour, amphibious, 8 rings, camouflage 1,
gelatinous body 1, (nimble swimmer 1), tentacles
a: Begin Untransformation


You were on level 3 of the Dungeon.
You were a hulking beast.
You visited 1 branch of the dungeon, and saw 3 of its levels.

You collected 127 gold pieces.

Inventory:

Missiles
 p - a throwing net
Jewellery
 i - a +4 ring of protection (left tentacle)
Talismans
 b - a beast talisman
Scrolls
 d - a scroll of torment {unknown}
 f - 2 scrolls of identify {unknown}
 g - a scroll of immolation {unknown}
 h - a scroll of fear {unknown}
 k - a scroll of fog {unknown}
 l - a scroll of enchant armour {unknown}
 m - a scroll of noise {unknown}
 n - a scroll of revelation {unknown}
Potions
 a - a potion of lignification
 c - 2 potions of mutation {unknown}
 e - a potion of magic {unknown}
 j - 2 potions of might {unknown}
 o - 2 potions of resistance {unknown}
 q - a potion of degeneration {unknown}


   Skills:
 + Level 2.5 Fighting
 + Level 2.5 Dodging
 * Level 3.1 Unarmed Combat
 * Level 3.7 Shapeshifting


You had 3 spell levels left.
You didn't know any spells.
Your spell library was empty.

Dungeon Overview and Level Annotations

Branches:
Dungeon (3/15)

Altars:


Innate Abilities, Weirdness & Mutations

You are a hulking beast.
Your limbs bulge with bestial killing power. (Slay +2)
You cannot wear most types of armour.
You are amphibious.
You can wear up to eight rings at the same time.
Your skin changes colour to match your surroundings (Stealth+).
Your rubbery body absorbs attacks. (AC +1, EV +1)
((You are camouflaged when in or above water. (Stealth+)))
You have tentacles for arms and can constrict up to eight enemies at once.


Message History

You are too injured to fight recklessly!
You are too injured to fight recklessly!
You are too injured to fight recklessly!
You are too injured to fight recklessly!
You are too injured to fight recklessly!
You are too injured to fight recklessly!
You are too injured to fight recklessly!
You are too injured to fight recklessly!
You are too injured to fight recklessly!
You are too injured to fight recklessly!
You are too injured to fight recklessly!
You are too injured to fight recklessly!
You are too injured to fight recklessly!
You are too injured to fight recklessly!
You are too injured to fight recklessly!
You are too injured to fight recklessly!
You are too injured to fight recklessly!
Unknown command.
You barely miss something. You constrict the hobgoblin.
You kill the hobgoblin!
You hear some strange, mumbled words.
A puff of flame appears from out of thin air!
The puff of flame hits you.
* * * LOW HITPOINT WARNING * * *
You closely miss something. You miss something. You squeeze something!
The orc hits you but does no damage.
You hear some strange, mumbled words.
A magic dart appears from out of thin air!
The magic dart hits you.
* * * LOW HITPOINT WARNING * * *
You closely miss the orc. You grab the orc. You squeeze the orc!
You kill the orc!
Something hits you.
* * * LOW HITPOINT WARNING * * *
You miss something. You squeeze something.
Something hits you but does no damage.
You tentacle-slap something. Your squeeze misses something. Something hits you.
* * * LOW HITPOINT WARNING * * *
You closely miss something. Something hits you.
You die...

#.... #..... #....
#.... #.... #....
#.... # #..◎ #....
#. #..# #....
#.#...#<.# ####.
......#{.####
#.#####.
#...)h....##
#.......
.....#####...#
#.###### ...
#...#†#.# #######.
.
#._.#.#.##.#.......
#...#......#.......
#.<.#.######...<...
#...#..# #.......
.#####.^# #.#####.
.........# #.# #.


There were no monsters in sight!

Vanquished Creatures
  3 adders
  2 dart slugs (D:1)
  3 orcs (D:3)
  3 bats
  11 endoplasms
  2 giant cockroaches
  10 goblins
  6 hobgoblins
  4 kobolds
  3 quokkas
  2 ball pythons (D:2)
  4 frilled lizards
  5 rats
58 creatures vanquished.

Notes
Turn   | Place    | Note
-------+----------+-------------------------------------------
     0 | D:1      | LeprechaunX the Octopode Shapeshifter began the quest for
                  | the Orb.
     0 | D:1      | Reached XP level 1. HP: 14/14 MP: 1/1
    47 | D:1      | Reached XP level 2. HP: 17/19 MP: 2/2
   438 | D:1      | Reached XP level 3. HP: 24/24 MP: 3/3
   963 | D:2      | Reached XP level 4. HP: 30/30 MP: 4/4
  1035 | D:3      | Found a faded altar of an unknown god.
  1527 | D:3      | Slain by an orc wizard

Illustrated notes

Levels and vault maps discovered:
D:1:      elethiomel_arrival_maze, layout_basic
D:2:      layout_basic, chequers_jeans, minmay_fractal_squares_gapless_5
D:3:      layout_basic, mainiacjoe_overflow_alcove_1,
          nicolae_ecumenical_oubliette, uniq_crazy_yiuf_cottage

Skill      XL: |  1  2  3  4 |
---------------+-------------+-----
Unarmed Combat | 3 |  3.1
Fighting       | |  2.5
Dodging        | |  2.5
Shapeshifting  | |  3.7

Action                     |  1- 3 |  4- 6 || total
---------------------------+-------+-------++-------
  Melee: Unarmed           |    61 |    34 ||    95
         Tentacles         |    14 |     8 ||    22
         Constrict         |    15 |     7 ||    22
         Punch             |     2 |     1 ||     3
   Stab: Sleeping          |     8 |     2 ||    10
 Armour: Skin              |     8 |     8 ||    16
  Dodge: Dodged            |    26 |    11 ||    37

Table legend: (Time is in decaauts)
 A = Elapsed time spent in this place.
 B = Non-inter-level travel time spent in this place.
 C = Inter-level travel time spent in this place.
 D = Time resting spent in this place.
 E = Time spent auto-exploring this place.
 F = Levels seen in this place.
 G = Mean time per level.
                   A        B        C        D        E       F      G
               +--------+--------+--------+--------+--------+-----+--------+
         Total |   1521 |   1462 |     59 |      0 |   1197 |   3 |  507.0 |
       Dungeon |   1521 |   1462 |     59 |      0 |   1197 |   3 |  507.0 |
               +--------+--------+--------+--------+--------+-----+--------+

Top non-repeatable levels by time:
     D:1: 601 daAuts
     D:2: 467 daAuts
     D:3: 452 daAuts
